 Dungeon Crawl Stone Soup version 0.30-a0-918-g0ff054e9dc (webtiles) character file.

Game seed: 2967059068450777642

1195 Darkkill the Shooter (level 8, -11/71 HPs)
             Began as a Minotaur Hunter on Mar 20, 2023.
             Was a Priest of Kikubaaqudgha.
             Killed by divine providence
             ... invoked by an orc priest
              (15 damage)
             ... on level 6 of the Dungeon.
             The game lasted 00:05:08 (3961 turns).

Darkkill the Shooter (Minotaur Hunter)              Turns: 3961, Time: 00:05:09

Health: -11/71     AC:  8    Str: 16    XL:     8   Next: 20%
Magic:  7/7        EV: 14    Int:  6    God:    Kikubaaqudgha [***...]
Gold:   216        SH:  0    Dex: 16    Spells: 7/7 levels left

rFire   . . .      SeeInvis .    a - +0 shortbow (heavy)
rCold   . . .      Faith    .    (shield currently unavailable)
rNeg    . . .      Spirit   .    c - +0 leather armour
rPois   .          Reflect  .    (helmet restricted)
rElec   .          Rampage  .    (no cloak)
rCorr   .                        z - +1 pair of gloves
Will    .....                    j - +2 pair of boots
Stlth   +++                      (no amulet)
HPRegen 0.31/turn                (no ring)
MPRegen 0.10/turn                (no ring)

@: no status effects
A: horns 2, retaliatory headbutt
a: Renounce Religion, Unearth Wretches


You were on level 6 of the Dungeon.
You worshipped Kikubaaqudgha.
Kikubaaqudgha was most pleased with you.
You visited 1 branch of the dungeon, and saw 6 of its levels.

You collected 216 gold pieces.

Inventory:

Hand Weapons
 a - a +0 heavy shortbow (weapon)
 u - a +0 scythe
Missiles
 g - 42 stones
 n - 4 boomerangs
 q - 4 poisoned darts
 r - 6 curare-tipped darts {=f !f}
 v - 4 boomerangs of dispersal {=f !f}
Armour
 c - a +0 leather armour (worn)
 j - a +2 pair of boots (worn)
 z - a +1 pair of gloves (worn)
Wands
 m - a wand of digging (8)
 s - a wand of charming (6)
 y - a wand of polymorph (2)
Scrolls
 b - 3 scrolls of immolation
 o - a scroll of magic mapping
Potions
 d - a potion of flight
 e - 2 potions of cancellation
 f - 2 potions of mutation
 h - 2 potions of ambrosia
 i - a potion of lignification {unknown}
 l - a potion of degeneration {unknown}
 x - a potion of might {unknown}


   Skills:
 + Level 6.3 Fighting
 + Level 6.9 Ranged Weapons
 + Level 5.7 Dodging
 + Level 4.4 Stealth


You had 7 spell levels left.
You didn't know any spells.
Your spell library contained the following spells:

 Spells                   Type           Power      Damage    Failure   Level
 Necrotise                Necr           0%         1d4       52%         1
 Cigotuvi's Dreadful Rot  Necr/Pois/Air  0%         N/A       67%         2
 Ensorcelled Hibernation  Hex/Ice        0%         N/A       67%         2
 Passwall                 Tmut/Erth      0%         N/A       67%         2
 Sublimation of Blood     Necr           0%         N/A       67%         2
 Swiftness                Air            0%         N/A       88%         3
 Vampiric Draining        Necr           0%         2d6       88%         3
 Dispel Undead            Necr           0%         3d6       99%         4
 Agony                    Necr           0%         N/A       100%        5
 Borgnjor's Vile Clutch   Necr/Erth      0%         N/A       100%        5
 Simulacrum               Ice/Necr       0%         N/A       100%        6


Dungeon Overview and Level Annotations

Branches:
Dungeon (6/15)
 Temple: D:4-7

Altars:
Fedhas
Kikubaaqudgha
Nemelex Xobeh
Ru
Trog
Uskayaw
Xom
Yredelemnul
Zin

Annotations:
D:2 1 runed translucent door, Crazy Yiuf


Innate Abilities, Weirdness & Mutations

You have a pair of horns on your head.
You reflexively headbutt those who attack you in melee.


Message History

You shoot an arrow. The arrow barely misses the orc priest.
The orc priest shoots a sling bullet.
The sling bullet hits you.
The orc priest looks satisfied for a moment.
The orc warrior hits you with a +0 scimitar!
Unknown command.
Fire: a) +0 shortbow (heavy)
Press: ? - help, Q - select action, (/) - cycle Shift-Dir - straight line, f/p - orc priest
Aim: an orc priest, wielding a +0 sling (severely wounded, 66% to hit)
Okay, then.
You feel much better.
The orc warrior hits you with a +0 scimitar.
The orc priest looks satisfied for a moment.
Fire: a) +0 shortbow (heavy)
Press: ? - help, Q - select action, (/) - cycle Shift-Dir - straight line, f/p - orc priest
Aim: an orc priest, wielding a +0 sling (severely wounded, 66% to hit)
You shoot an arrow. The arrow hits the orc priest!
You kill the orc priest!
Kikubaaqudgha accepts your kill.
The orc warrior hits you with a +0 scimitar.
The orc warrior hits you with a +0 scimitar!
* * * LOW HITPOINT WARNING * * *
Fire: a) +0 shortbow (heavy)
Press: ? - help, Q - select action, (/) - cycle Shift-Dir - straight line, f - orc warrior
Aim: an orc warrior, wielding a +0 scimitar, wearing a +0 chain mail and quivering boomerangs (heavily wounded, 63% to hit)
Okay, then.
Fire: a) +0 shortbow (heavy)
Press: ? - help, Q - select action, (/) - cycle Shift-Dir - straight line, f - orc warrior
Aim: an orc warrior, wielding a +0 scimitar, wearing a +0 chain mail and quivering boomerangs (heavily wounded, 63% to hit)
You shoot an arrow. The arrow hits the orc warrior.
The orc warrior is severely wounded.
The orc priest hits you with a +0 dagger.
* * * LOW HITPOINT WARNING * * *
The orc warrior hits you with a +0 scimitar!
* * * LOW HITPOINT WARNING * * *
You feel much better.
The orc priest invokes the aid of Beogh against you.
You struggle to resist.
The orc warrior hits you but does no damage.
You feel much better.
The orc priest casts a cantrip, but nothing happens.
The orc warrior closely misses you. You furiously retaliate!
You headbutt the orc warrior.
Fire: a) +0 shortbow (heavy)
Press: ? - help, Q - select action, (/) - cycle Shift-Dir - straight line, f/p - orc warrior
Aim: an orc warrior, wielding a +0 scimitar, wearing a +0 chain mail and quivering boomerangs (almost dead, 63% to hit)
You shoot an arrow.
The arrow hits the orc warrior but does no damage.
The orc warrior is almost dead.
The orc priest invokes the aid of Beogh against you.
Beogh smites you! The orc warrior closely misses you.
The orc warrior barely misses you.
The orc priest hits you but does no damage.
Fire: a) +0 shortbow (heavy)
Press: ? - help, Q - select action, (/) - cycle Shift-Dir - straight line, f/p - orc warrior
Aim: an orc warrior, wielding a +0 scimitar, wearing a +0 chain mail and quivering boomerangs (almost dead, 63% to hit)
You shoot an arrow.
The arrow closely misses the orc warrior.
The orc priest invokes the aid of Beogh against you.
Beogh smites you!
* * * LOW HITPOINT WARNING * * *
The orc warrior closely misses you. The orc warrior barely misses you.
The orc priest closely misses you.
You feel better.
The orc priest hits you but does no damage.
The orc warrior hits you with a +0 scimitar!
* * * LOW HITPOINT WARNING * * *
Aiming: Charm
Press: ? - help, Q - select action, (/) - cycle Shift-Dir - straight line, f/p - orc warrior
Aim: an orc warrior, wielding a +0 scimitar, wearing a +0 chain mail and quivering boomerangs (almost dead, chance to affect: 49%)
The orc warrior resists with some effort.
The orc priest calls upon Beogh to heal the orc warrior.
The orc warrior is healed somewhat.
The orc warrior hits you with a +0 scimitar!
* * * LOW HITPOINT WARNING * * *
Aiming: Charm
Press: ? - help, Q - select action, (/) - cycle Shift-Dir - straight line, f/p - orc warrior
Aim: an orc warrior, wielding a +0 scimitar, wearing a +0 chain mail and quivering boomerangs (severely wounded, chance to affect: 49%)
The orc warrior resists with some effort.
The orc priest barely misses you. The orc warrior barely misses you.
You are confused.
You feel invigorated.
The orc priest hits you but does no damage.
The orc warrior hits you with a +0 scimitar!
* * * LOW HITPOINT WARNING * * *
You bump into the rock wall.
The orc priest barely misses you.
The orc warrior hits you but does no damage.
You clumsily bash the orc priest but do no damage.
The orc priest is lightly wounded.
You feel less invigorated.
You feel less confused. The orc priest misses you.
The orc warrior hits you with a +0 scimitar!
* * * LOW HITPOINT WARNING * * *
You shoot an arrow.
The arrow hits the orc warrior but does no damage.
The orc warrior is severely wounded.
The orc priest calls down the wrath of Beogh upon you.
Beogh smites you!
You die...
Kikubaaqudgha rasps: "You have failed me!
Welcome... death!"

... .. ...##.
..)...# #......
##..... .>....)
#....o######.#
#....o@.......
#......#####.#
######'#####
#.........#
#.........#
#.........#
#.........#
##########.........#
#.<................#


You could see an orc warrior and an orc priest.

Vanquished Creatures
  Grinder (D:4)
  Sigmund (D:5)
  A wyvern (D:5)
  A black bear (D:5)
  2 phantoms (D:5)
  2 scorpions (D:5)
  A jelly (D:5)
  2 orc priests
  A sleepcap (D:4)
  An orc wizard (D:2)
  An iguana (D:5)
  6 adders
  An ufetubus (D:3)
  A worm (D:2)
  3 dart slugs
  13 orcs
  5 ball pythons
  7 endoplasms
  5 giant cockroaches
  5 goblins
  7 hobgoblins
  3 jackals (D:1)
  8 quokkas
  10 bats
  2 frilled lizards
  A jackal zombie (D:3)
  3 kobolds
  9 rats
103 creatures vanquished.

Vanquished Creatures (others)
  A wizard (D:5)
1 creature vanquished.

Grand Total: 104 creatures vanquished

Notes
Turn   | Place    | Note
-------+----------+-------------------------------------------
     0 | D:1      | Darkkill the Minotaur Hunter began the quest for the Orb.
     0 | D:1      | Reached XP level 1. HP: 18/18 MP: 0/0
   105 | D:1      | Reached skill level 1 in Stealth
   124 | D:1      | Reached XP level 2. HP: 14/25 MP: 1/1
   131 | D:1      | Found a faded altar of an unknown god.
   140 | D:1      | Prayed at the altar of an unknown god.
   140 | D:1      | Became a worshipper of Kikubaaqudgha
   140 | D:1      | Reached * piety under Kikubaaqudgha
   140 | D:1      | Received a gift from Kikubaaqudgha
   542 | D:1      | Reached XP level 3. HP: 31/31 MP: 2/2
   831 | D:2      | Reached ** piety under Kikubaaqudgha
   898 | D:2      | You fall into a shaft and drop 1 floor!
  1268 | D:2      | Reached XP level 4. HP: 37/38 MP: 3/3
  1352 | D:2      | Reached skill level 5 in Ranged Weapons
  1466 | D:2      | Found a runed translucent door.
  1467 | D:2      | Noticed Crazy Yiuf
  1926 | D:3      | Reached *** piety under Kikubaaqudgha
  1926 | D:3      | Received a gift from Kikubaaqudgha
  1982 | D:3      | Reached XP level 5. HP: 46/46 MP: 4/4
  2089 | D:3      | Found a runed translucent door.
  2090 | D:3      | Noticed a human
  2093 | D:3      | Found a basalt altar of Yredelemnul.
  2845 | D:4      | Noticed Grinder
  2851 | D:4      | Paralysed by Grinder for 2 turns
  2859 | D:4      | Killed Grinder
  2860 | D:4      | Reached XP level 6. HP: 21/53 MP: 5/5
  3056 | D:4      | Found a glowing silver altar of Zin.
  3056 | D:4      | Found a blossoming altar of Fedhas.
  3100 | D:4      | Found a snail-covered altar of Cheibriados.
  3104 | D:4      | Found a hide-covered altar of Uskayaw.
  3104 | D:4      | Found a hide-covered altar of Uskayaw.
  3106 | D:4      | Found a sparkling altar of Nemelex Xobeh.
  3106 | D:4      | Found a shimmering altar of Xom.
  3106 | D:4      | Found a sacrificial altar of Ru.
  3156 | D:4      | Identified the +4 short sword of the Hugging Soothsayer
                  | {drain, rPois MP+9 Str+2 Dex+3}
  3268 | D:5      | Entered Level 5 of the Dungeon
  3287 | D:5      | Reached skill level 5 in Fighting
  3287 | D:5      | Reached XP level 7. HP: 47/61 MP: 6/6
  3344 | D:5      | Found a sacrificial altar of Ru.
  3352 | D:5      | Noticed Sigmund
  3358 | D:5      | Killed Sigmund
  3387 | D:5      | Found a bloodstained altar of Trog.
  3406 | D:5      | Reached skill level 5 in Dodging
  3600 | D:5      | Noticed a wyvern
  3604 | D:5      | Killed a wyvern
  3605 | D:5      | Reached XP level 8. HP: 67/70 MP: 7/7
  3711 | D:5      | Noticed a wizard
  3713 | D:5      | Killed a wizard
  3950 | D:6      | HP: 5/71 [orc warrior/+0 scimitar (12)]
  3956 | D:6      | HP: 9/71 [orc warrior/+0 scimitar (8)]
  3958 | D:6      | HP: 1/71 [orc warrior/+0 scimitar (13)]
  3961 | D:6      | Killed from afar by an orc priest

Illustrated notes

Levels and vault maps discovered:
D:1:      minmay_arrival_widening_spiral_wide, layout_loops_ring,
          dreamdust_ecumenical_altar_angels_and_demons
D:2:      layout_loops_ring, minmay_fractal_squares_gapless_5,
          uniq_crazy_yiuf_cottage
D:3:      layout_basic, dk_yredelemnul_ordeal
D:4:      layout_loops_cross, doesnt_xom_only_xom,
          nicolae_overflow_two_pavilions, uniq_grinder
D:5:      layout_basic, trog_wizard, mainiacjoe_overflow_tiny_flanked,
          uniq_sigmund
D:6:      layout_basic, minmay_temple_entry_statues_pillars, minivault_24,
          minmay_holes, grunt_ministairs_5

Skill      XL: |  1  2  3  4  5  6  7 |
---------------+----------------------+-----
Stealth        | 1 2 3 4 |  4.4
Fighting       | 3 4 5 6 |  6.3
Dodging        | 3 4 5 |  5.7
Ranged Weapons | 5 6 |  6.9

Action                     |  1- 3 |  4- 6 |  7- 9 || total
---------------------------+-------+-------+-------++-------
  Melee: Shortbow          |       |       |     1 ||     1
   Fire: Shortbow          |   114 |    87 |    63 ||   264
  Evoke: Wand              |       |       |     2 ||     2
    Use: Scroll            |     6 |     7 |     1 ||    14
         Potion            |       |       |     5 ||     5
 Armour: Leather armour    |    21 |    12 |    15 ||    48
  Dodge: Dodged            |    63 |    33 |    30 ||   126

Table legend: (Time is in decaauts)
 A = Elapsed time spent in this place.
 B = Non-inter-level travel time spent in this place.
 C = Inter-level travel time spent in this place.
 D = Time resting spent in this place.
 E = Time spent auto-exploring this place.
 F = Levels seen in this place.
 G = Mean time per level.
                   A        B        C        D        E       F      G
               +--------+--------+--------+--------+--------+-----+--------+
         Total |   4154 |   3932 |    222 |      0 |   3146 |   6 |  692.3 |
       Dungeon |   4154 |   3932 |    222 |      0 |   3146 |   6 |  692.3 |
               +--------+--------+--------+--------+--------+-----+--------+

Top non-repeatable levels by time:
     D:2: 1007 daAuts
     D:3: 941 daAuts
     D:1: 744 daAuts
     D:4: 708 daAuts
     D:5: 678 daAuts
     D:6: 73 daAuts

Table legend:
 A = Kills in this place as a percentage of kills in the entire game.
 B = Kills by you in this place as a percentage of kills by you in the entire game.
 C = Kills by friends in this place as a percentage of kills by friends in the entire game.
 D = Other kills in this place as a percentage of other kills in the entire game.
 E = Experience gained in this place as a percentage of experience gained in the entire game.
 F = Experience gained in this place divided by the number of levels of this place that you have seen.
                   A       B       C       D       E      F
               +-------+-------+-------+-------+-------+----------------------
         Total | 100.0 | 100.0 |   N/A |   N/A | 100.0 | 284.7
       Dungeon | 100.0 | 100.0 |   N/A |   N/A | 100.0 | 284.7
               +-------+-------+-------+-------+-------+----------------------
